AoeStats
← VbadGamer

Black Forest

510205713Analyzed
4v4 RM · 2d ago on Sep 29, 2026· 55m 57s· 8 players
Game mode
Random Map
Map size
Large (8 player)
Population
200
Speed
Normal
Resources
Standard
Victory
Conquest
Starting age
Dark Age
Ending age
Imperial Age
RankedLock teamsTeams togetherTeam positionsShared explorationLock speedFull tech treeHidden civsTurbo modeCheats
Victory
Defeat
🇧🇪 Bohemians · Belgium
762
+14
🇯🇵 Persians · Japan
747
+15
🇺🇸 Malians · United States
721
+16
🇦🇺 Magyars · Australia
713
+17
🇧🇷 Khmer · Brazil
779
-17
🇧🇷 Persians · Brazil
728
-16
🇧🇷 Wei · Brazil
703
-15
🇨🇱 Georgians · Chile
684
-14
VbadGamer
10:06 Loom
12:14 Feudal Age
17:55 Castle Age
16:19 Horse Collar
16:26 Double-Bit Axe
17:32 Scale Barding Armor
19:08 Bloodlines
19:12 Gold Mining
19:49 Heavy Plow
20:38 Bow Saw
22:14 Chain Barding Armor
23:10 Husbandry
33:21 Imperial Age
32:42 Ballistics
32:16 Fletching
32:27 Padded Archer Armor
32:55 Caravan
33:06 Bodkin Arrow
34:44 Gold Shaft Mining
34:03 Stone Mining
35:09 Cavalier
36:46 Plate Barding Armor
39:20 Two-Man Saw
40:45 Paladin
42:15 Recurve Bow
Zukomazi
0:28 Loom
14:52 Feudal Age
15:52 Double-Bit Axe
17:07 Stone Mining
17:08 Gold Mining
18:19 Wheelbarrow
17:30 Town Watch
17:45 Horse Collar
21:09 Castle Age
22:47 Bow Saw
22:45 Heavy Plow
24:18 Caravan
32:50 Hand Cart
35:17 Imperial Age
35:06 Fortified Wall
35:10 Masonry
35:02 Scale Mail Armor
35:13 Forging
35:28 Ballistics
36:58 Chemistry
36:30 Architecture
35:25 Capped Ram
37:35 Chain Mail Armor
37:56 Iron Casting
39:29 Conscription
39:10 Tigui
39:43 Plate Mail Armor
39:04 Fletching
41:12 Bodkin Arrow
42:29 Town Patrol
44:22 Onager
46:09 Scale Barding Armor
46:05 Padded Archer Armor
46:07 Farimba
45:31 Cavalier
46:12 Husbandry
46:22 Bloodlines
48:46 Chain Barding Armor
50:45 Plate Barding Armor
kokokun
1:32 Loom
13:58 Feudal Age
19:07 Castle Age
18:10 Double-Bit Axe
18:11 Horse Collar
18:31 Gold Mining
18:36 Stone Mining
21:44 Wheelbarrow
23:01 Bow Saw
22:57 Heavy Plow
23:36 Hand Cart
25:23 Stone Shaft Mining
25:33 Gold Shaft Mining
29:50 Padded Archer Armor
29:40 Fletching
33:54 Imperial Age
31:18 Town Watch
32:14 Ballistics
31:50 Murder Holes
32:15 Leather Archer Armor
31:56 Bodkin Arrow
32:11 Forging
32:07 Scale Barding Armor
32:38 Kamandaran
32:06 Crossbowman
33:40 Elite War Elephant
35:31 Chemistry
35:22 Citadels
36:11 Masonry
36:45 Crop Rotation
38:04 Ring Archer Armor
37:41 Husbandry
37:51 Bloodlines
38:22 Iron Casting
42:02 Parthian Tactics
41:43 Thumb Ring
42:05 Chain Barding Armor
42:46 Blast Furnace
44:01 Two-Man Saw
45:05 Town Patrol
Josky
0:29 Loom
13:38 Feudal Age
21:03 Castle Age
24:20 Chemistry
24:53 Fortified Wall
29:13 Horse Collar
30:05 Fletching
32:35 Wheelbarrow
36:07 Imperial Age
34:41 Hand Cart
34:59 Wagenburg Tactics
35:45 Double-Bit Axe
37:47 Siege Engineers
40:15 Bow Saw
41:55 Bodkin Arrow
42:10 Murder Holes
43:34 Redemption
45:02 Ballistics
47:09 Scale Barding Armor
49:25 Elite Hussite Wagon
49:37 Cavalier
51:42 Husbandry
53:51 Caravan
54:11 Forging
54:22 Chain Barding Armor
ALISON
12:21 Feudal Age
17:00 Castle Age
15:38 Double-Bit Axe
16:08 Horse Collar
19:43 Bow Saw
21:23 Wheelbarrow
24:55 Hand Cart
25:49 Gold Mining
25:51 Stone Mining
26:49 Caravan
28:58 Husbandry
29:09 Bloodlines
30:34 Gold Shaft Mining
30:35 Stone Shaft Mining
34:38 Imperial Age
35:02 Cavalier
35:07 Elite War Elephant
36:08 Conscription
36:23 Heavy Scorpion
37:09 Town Watch
39:53 Chemistry
39:43 Savar
42:31 Forging
42:27 Scale Barding Armor
44:22 Ballistics
pablo.gab
1:51 Loom
12:51 Feudal Age
16:44 Double-Bit Axe
16:42 Horse Collar
28:13 Castle Age
27:52 Stone Mining
30:24 Stone Shaft Mining
30:05 Bow Saw
31:20 Heavy Plow
33:58 Crossbowman
36:52 Murder Holes
37:11 Fortified Wall
36:41 Pikeman
37:31 Gold Mining
Onox17
0:28 Loom
14:33 Feudal Age
21:32 Forging
21:12 Fletching
21:29 Scale Barding Armor
21:28 Horse Collar
25:32 Castle Age
29:10 Wheelbarrow
28:20 Town Watch
31:26 Heavy Plow
31:16 Double-Bit Axe
31:22 Gold Mining
31:41 Gold Mining
32:00 Stone Mining
38:21 Iron Casting
37:41 Bodkin Arrow
38:08 Chain Barding Armor
37:46 Murder Holes
38:13 Ballistics
42:02 Imperial Age
43:17 Conscription
46:19 Plate Barding Armor
46:45 Blast Furnace
45:46 Bracer
47:33 Chemistry
47:41 Aznauri Cavalry
53:28 Town Patrol
53:44 Hand Cart
bibizin008
0:39 Loom
13:48 Feudal Age
14:05 Feudal Age
15:40 Horse Collar
15:47 Double-Bit Axe
15:56 Gold Mining
15:57 Stone Mining
24:05 Castle Age
28:02 Heavy Plow
28:39 Gold Shaft Mining
28:39 Stone Shaft Mining
28:20 Bow Saw
30:34 Town Watch
31:56 Wheelbarrow
34:31 Hand Cart
34:16 Town Patrol
41:47 Imperial Age
42:30 Tuntian
41:55 Heavy Scorpion
44:14 Chemistry
48:47 Elite Tiger Cavalry
Connection lost

Rejoining the realm…

Still unreachable

The connection could not be restored.

Session expired

The server has moved on; the page needs a fresh start.